| TOP OF THE 1ST |
|
Southern Maryland Blue Crabs batting - Pitching for Winnipeg Goldeyes : LHP Eduardo Lopez
|
|
Pitching: LHP Eduardo Lopez
|
|
|
Batting: RHB Kevin Popowicz
|
0-0: Ball 1-0: Called Strike 1-1: Called Strike 1-2: Foul Ball, location: 2F 1-2: Foul Ball, location: 2F 1-2: Strikes out swinging
|
|
Batting: LHB Chris Cohen
|
0-0: Ball 1-0: Foul Ball, location: 2F 1-1: Ball 2-1: Ball 3-1: Called Strike 3-2: Strikes out looking
|
|
Batting: SHB Eric Kelley
|
0-0: Ball 1-0: Called Strike 1-1: Swinging Strike 1-2: Ball 2-2: SOLO HOME RUN (Flyball, 7LD, EV 98.1 MPH), Distance : 355 ft
|
|
Batting: RHB Maup Gommers
|
0-0: Ball 1-0: Ball 2-0: Ground out 5-3 (Groundball, 56D, EV 76.2 MPH)
|
| Top of the 1st over - 1 run, 1 hit, 0 errors, 0 left on base; Southern Maryland 1 - Winnipeg 0 |
| BOTTOM OF THE 1ST |
|
Winnipeg Goldeyes batting - Pitching for Southern Maryland Blue Crabs : RHP Craig Painter
|
|
Pitching: RHP Craig Painter
|
|
|
Batting: RHB Alexandre Garcia
|
0-0: Ball 1-0: Ball 2-0: Foul Ball, location: 2F 2-1: DOUBLE (Line Drive, 78XD, EV 100.6 MPH)
|
|
Batting: SHB Rodrigo Mendoza
|
0-0: Called Strike 0-1: Ball 1-1: Ball 2-1: Ball 3-1: Swinging Strike 3-2: Strikes out swinging
|
|
Batting: RHB Tim Carter
|
0-0: Ball 1-0: Foul Ball, location: 2F 1-1: Ball 2-1: Fly out, F8 (Flyball, 78M, EV 73.1 MPH)
|
|
Batting: RHB Josh Harmon
|
0-0: Called Strike 0-1: Ball 1-1: Foul Ball, location: 2F 1-2: Strikes out swinging
|
| Bottom of the 1st over - 0 runs, 1 hit, 0 errors, 1 left on base; Southern Maryland 1 - Winnipeg 0 |
| TOP OF THE 2ND |
|
Southern Maryland Blue Crabs batting - Pitching for Winnipeg Goldeyes : LHP Eduardo Lopez
|
|
Batting: RHB Jonathan Mendoza
|
0-0: Called Strike 0-1: Called Strike 0-2: SOLO HOME RUN (Flyball, 7LD, EV 93.1 MPH), Distance : 368 ft
|
|
Batting: RHB Minoru Matsumoto
|
0-0: Swinging Strike 0-1: Ball 1-1: Foul Ball, location: 2F 1-2: Foul Ball, location: 2F 1-2: Strikes out swinging
|
|
Batting: RHB Ruben Domingues
|
0-0: SINGLE (Groundball, 25, EV 69.4 MPH) (infield hit)
|
|
Batting: RHB Simon Van Steenwyk
|
0-0: Ball 1-0: Ball 2-0: DOUBLE (Flyball, 89XD, EV 109.4 MPH) Ruben Domingues to third
|
|
Batting: LHB Ivan Alvarez
|
0-0: Ball 1-0: Foul Ball, location: 2F 1-1: Ball 2-1: Foul Ball, location: 2F 2-2: Foul Ball, location: 2F 2-2: Ball 3-2: Foul Ball, location: 2F 3-2: Strikes out swinging
|
|
Batting: RHB Kevin Popowicz
|
0-0: Ball Wild Pitch! Ruben Domingues scores Simon Van Steenwyk to third 1-0: Ball 2-0: Ball 3-0: Swinging Strike 3-1: Base on Balls
|
|
Batting: LHB Chris Cohen
|
0-0: Swinging Strike 0-1: Fly out, F8 (Flyball, 78M, EV 95.0 MPH)
|
| Top of the 2nd over - 2 runs, 3 hits, 0 errors, 2 left on base; Southern Maryland 3 - Winnipeg 0 |
| BOTTOM OF THE 2ND |
|
Winnipeg Goldeyes batting - Pitching for Southern Maryland Blue Crabs : RHP Craig Painter
|
|
Batting: LHB David Ramos
|
0-0: Called Strike 0-1: Foul Ball, location: 2F 0-2: Strikes out swinging
|
|
Batting: LHB Jon Ventura
|
0-0: Called Strike 0-1: Ball 1-1: Ground out 6-3 (Groundball, 6, EV 86.9 MPH)
|
|
Batting: RHB Terry Oetker
|
0-0: Ball 1-0: Called Strike 1-1: Ball 2-1: Foul Ball, location: 2F 2-2: Ball 3-2: Strikes out swinging
|
| Bottom of the 2nd over - 0 runs, 0 hits, 0 errors, 0 left on base; Southern Maryland 3 - Winnipeg 0 |
| TOP OF THE 3RD |
|
Southern Maryland Blue Crabs batting - Pitching for Winnipeg Goldeyes : LHP Eduardo Lopez
|
|
Batting: SHB Eric Kelley
|
0-0: Called Strike 0-1: Ball 1-1: Ball 2-1: Foul Ball, location: 2F 2-2: Strikes out swinging
|
|
Batting: RHB Maup Gommers
|
0-0: Ball 1-0: Ball 2-0: Ball 3-0: Called Strike 3-1: Foul Ball, location: 2F 3-2: Foul Ball, location: 2F 3-2: Base on Balls
|
|
Batting: RHB Jonathan Mendoza
|
0-0: Ball Pickoff Throw to First - Out! 1-3 1-0: Foul Ball, location: 2F 1-1: Fly out, F9 (Line Drive, 9LM, EV 105.0 MPH)
|
| Top of the 3rd over - 0 runs, 0 hits, 0 errors, 0 left on base; Southern Maryland 3 - Winnipeg 0 |
| BOTTOM OF THE 3RD |
|
Winnipeg Goldeyes batting - Pitching for Southern Maryland Blue Crabs : RHP Craig Painter
|
|
Batting: RHB Nestor Moreno
|
0-0: Foul Ball, location: 2F 0-1: Ground out 6-3 (Groundball, 6, EV 100.0 MPH)
|
|
Batting: RHB Ratko Macura
|
0-0: Called Strike 0-1: Ball 1-1: Swinging Strike 1-2: Ball 2-2: Ball 3-2: Base on Balls
|
|
Batting: RHB Alexandre Garcia
|
0-0: Ball 1-0: Called Strike 1-1: Called Strike 1-2: Ball 2-2: Ball 3-2: Base on Balls Ratko Macura to second
|
|
Batting: SHB Rodrigo Mendoza
|
0-0: Ball 1-0: Called Strike 1-1: Fielders Choice at 2nd, 4-6 (Groundball, 4, EV 86.9 MPH) Ratko Macura to third
|
|
Batting: RHB Tim Carter
|
0-0: Ball Wild Pitch! Ratko Macura scores Rodrigo Mendoza to second 1-0: Ball 2-0: Swinging Strike 2-1: Fly out, F7 (Flyball, 7D, EV 80.0 MPH)
|
| Bottom of the 3rd over - 1 run, 0 hits, 0 errors, 1 left on base; Southern Maryland 3 - Winnipeg 1 |
| TOP OF THE 4TH |
|
Southern Maryland Blue Crabs batting - Pitching for Winnipeg Goldeyes : LHP Eduardo Lopez
|
|
Batting: RHB Minoru Matsumoto
|
0-0: Called Strike 0-1: Ball 1-1: Ground out 5-3 (Groundball, 56S, EV 73.1 MPH)
|
|
Batting: RHB Ruben Domingues
|
0-0: Called Strike 0-1: Called Strike 0-2: Strikes out swinging
|
|
Batting: RHB Simon Van Steenwyk
|
0-0: Foul Ball, location: 2F 0-1: SINGLE (Groundball, 56D, EV 96.2 MPH)
|
|
Batting: LHB Ivan Alvarez
|
0-0: Called Strike 0-1: Foul Ball, location: 2F 0-2: Ball 1-2: Foul Ball, location: 2F 1-2: Ball 2-2: Ball 3-2: Strikes out looking
|
| Top of the 4th over - 0 runs, 1 hit, 0 errors, 1 left on base; Southern Maryland 3 - Winnipeg 1 |
| BOTTOM OF THE 4TH |
|
Winnipeg Goldeyes batting - Pitching for Southern Maryland Blue Crabs : RHP Craig Painter
|
|
Batting: RHB Josh Harmon
|
0-0: Foul Ball, location: 2F 0-1: Ball 1-1: Ball 2-1: Called Strike 2-2: Strikes out swinging
|
|
Batting: LHB David Ramos
|
0-0: Ball 1-0: Fly out, F7 (Flyball, 78M, EV 85.6 MPH)
|
|
Batting: LHB Jon Ventura
|
0-0: Ball 1-0: Swinging Strike 1-1: Ground out 6-3 (Groundball, 6, EV 93.8 MPH)
|
| Bottom of the 4th over - 0 runs, 0 hits, 0 errors, 0 left on base; Southern Maryland 3 - Winnipeg 1 |
| TOP OF THE 5TH |
|
Southern Maryland Blue Crabs batting - Pitching for Winnipeg Goldeyes : LHP Eduardo Lopez
|
|
Batting: RHB Kevin Popowicz
|
0-0: Called Strike 0-1: Swinging Strike 0-2: Foul Ball, location: 2F 0-2: Ball 1-2: Ball 2-2: Strikes out swinging
|
|
Batting: LHB Chris Cohen
|
0-0: Called Strike 0-1: Ball 1-1: Foul Ball, location: 2F 1-2: Foul Ball, location: 2F 1-2: Ball 2-2: Strikes out swinging
|
|
Batting: SHB Eric Kelley
|
0-0: Called Strike 0-1: Ball 1-1: Ball 2-1: Ball 3-1: Base on Balls
|
|
Batting: RHB Maup Gommers
|
0-0: Ground out 4-3 (Groundball, 34, EV 107.5 MPH)
|
| Top of the 5th over - 0 runs, 0 hits, 0 errors, 1 left on base; Southern Maryland 3 - Winnipeg 1 |
| BOTTOM OF THE 5TH |
|
Winnipeg Goldeyes batting - Pitching for Southern Maryland Blue Crabs : RHP Craig Painter
|
|
Batting: RHB Terry Oetker
|
0-0: Called Strike 0-1: DOUBLE (Groundball, 5L, EV 108.8 MPH)
|
|
Batting: RHB Nestor Moreno
|
0-0: Called Strike 0-1: Foul Ball, location: 2F 0-2: Hit by Pitch
|
|
Batting: RHB Ratko Macura
|
0-0: Ball 1-0: Ball 2-0: Reached on error, E1 (Groundball, P, EV 67.5 MPH) Terry Oetker to third Nestor Moreno to second
|
|
Batting: RHB Alexandre Garcia
|
0-0: Swinging Strike 0-1: Swinging Strike 0-2: Ball 1-2: Grounds into fielders choice 3-2 (Groundball, 3, EV 83.1 MPH) Nestor Moreno to third Ratko Macura to second
|
|
Batting: SHB Rodrigo Mendoza
|
0-0: Called Strike 0-1: Ball 1-1: Swinging Strike 1-2: Ball 2-2: Fly out, F7 (Flyball, 78S, EV 80.0 MPH)
|
|
Batting: RHB Tim Carter
|
0-0: Ball 1-0: Swinging Strike 1-1: SINGLE (Line Drive, 89S, EV 100.6 MPH) Nestor Moreno scores Ratko Macura to third Alexandre Garcia to second
|
|
Batting: RHB Josh Harmon
|
0-0: Swinging Strike 0-1: Called Strike 0-2: Ball 1-2: Strikes out swinging
|
| Bottom of the 5th over - 1 run, 2 hits, 1 error, 3 left on base; Southern Maryland 3 - Winnipeg 2 |
| TOP OF THE 6TH |
|
Southern Maryland Blue Crabs batting - Pitching for Winnipeg Goldeyes : LHP Eduardo Lopez
|
|
Batting: RHB Jonathan Mendoza
|
0-0: Called Strike 0-1: Foul Ball, location: 2F 0-2: Ball 1-2: Strikes out swinging
|
|
Batting: RHB Minoru Matsumoto
|
0-0: Ball 1-0: Called Strike 1-1: Ball 2-1: Fly out, F9 (Line Drive, 9S, EV 102.5 MPH)
|
|
Batting: RHB Ruben Domingues
|
0-0: Foul Ball, location: 2F 0-1: Ball 1-1: Fly out, F8 (Flyball, 8RS, EV 79.4 MPH)
|
| Top of the 6th over - 0 runs, 0 hits, 0 errors, 0 left on base; Southern Maryland 3 - Winnipeg 2 |
| BOTTOM OF THE 6TH |
|
Winnipeg Goldeyes batting - Pitching for Southern Maryland Blue Crabs : RHP Craig Painter
|
|
Batting: LHB David Ramos
|
0-0: Fly out, F6 (Popup, 6M, EV 57.5 MPH)
|
|
Batting: LHB Jon Ventura
|
0-0: Called Strike 0-1: Fly out, F7 (Flyball, 7, EV 75.0 MPH)
|
|
Batting: RHB Terry Oetker
|
0-0: Ball 1-0: Called Strike 1-1: Ball 2-1: Foul Ball, location: 2F 2-2: Ball 3-2: Base on Balls
|
|
Pitching: RHP Justin Swanson
|
|
|
Pinch Hitting: LHB George Roben
|
0-0: Ball 1-0: Swinging Strike 1-1: Ball 2-1: Swinging Strike 2-2: Fly out, F4 (Line Drive, 4, EV 69.4 MPH)
|
| Bottom of the 6th over - 0 runs, 0 hits, 0 errors, 1 left on base; Southern Maryland 3 - Winnipeg 2 |
| TOP OF THE 7TH |
|
Southern Maryland Blue Crabs batting - Pitching for Winnipeg Goldeyes : LHP Eduardo Lopez
|
|
Pitching: RHP Chi-young Chuko
|
|
|
Now in LF: Jose Hilario
|
|
|
Now in CF: Jon Ventura
|
|
|
Batting: RHB Simon Van Steenwyk
|
0-0: Called Strike 0-1: Called Strike 0-2: Strikes out swinging
|
|
Batting: LHB Ivan Alvarez
|
0-0: Ball 1-0: Ball 2-0: Ball 3-0: Base on Balls
|
|
Batting: RHB Kevin Popowicz
|
0-0: Called Strike 0-1: Ball 1-1: Foul Ball, location: 2F 1-2: Ball 2-2: Foul Ball, location: 2F 2-2: Foul Ball, location: 2F 2-2: Ball 3-2: Fly out, F9 (Flyball, 9S, EV 79.4 MPH)
|
|
Batting: LHB Chris Cohen
|
0-0: Ball 1-0: Swinging Strike 1-1: Ball 2-1: Foul Ball, location: 2F 2-2: Ball 3-2: Fly out, F7 (Line Drive, 7D, EV 91.2 MPH)
|
| Top of the 7th over - 0 runs, 0 hits, 0 errors, 1 left on base; Southern Maryland 3 - Winnipeg 2 |
| BOTTOM OF THE 7TH |
|
Winnipeg Goldeyes batting - Pitching for Southern Maryland Blue Crabs : RHP Justin Swanson
|
|
Batting: RHB Ratko Macura
|
0-0: Called Strike 0-1: Swinging Strike 0-2: Ball 1-2: Ball 2-2: Foul Ball, location: 2F 2-2: Ball 3-2: SINGLE (Line Drive, 34, EV 103.1 MPH)
|
|
Batting: RHB Alexandre Garcia
|
0-0: Called Strike 0-1: Foul Ball, location: 2F 0-2: Ball 1-2: Strikes out looking
|
|
Pinch Hitting: LHB Shaun Price
|
0-0: Ball 1-0: Ball 2-0: 2-RUN HOME RUN (Flyball, 9D, EV 100.6 MPH), Distance : 390 ft
|
|
Batting: RHB Tim Carter
|
0-0: Ball 1-0: Ball 2-0: Swinging Strike 2-1: Swinging Strike 2-2: SINGLE (Groundball, 4M, EV 103.8 MPH) (infield hit)
|
|
Batting: RHB Josh Harmon
|
0-0: Ball Tim Carter steals 2nd base 1-0: Ball 2-0: Called Strike 2-1: Foul Ball, location: 2F 2-2: Foul Ball, location: 2F 2-2: SINGLE (Line Drive, 89S, EV 108.1 MPH) Tim Carter to third
|
|
Batting: LHB David Ramos
|
0-0: Ball 1-0: Called Strike 1-1: Ball 2-1: Foul Ball, location: 2F 2-2: Ball 3-2: Strikes out swinging
|
|
Batting: LHB Jon Ventura
|
0-0: Swinging Strike 0-1: Ball 1-1: Fly out, F8 (Flyball, 8RD, EV 93.1 MPH)
|
| Bottom of the 7th over - 2 runs, 4 hits, 0 errors, 2 left on base; Southern Maryland 3 - Winnipeg 4 |
| TOP OF THE 8TH |
|
Southern Maryland Blue Crabs batting - Pitching for Winnipeg Goldeyes : RHP Chi-young Chuko
|
|
Now at 3B: Ed Mosqueda
|
|
|
Batting: SHB Eric Kelley
|
0-0: Ball 1-0: Ball 2-0: Swinging Strike 2-1: Foul Ball, location: 2F 2-2: Foul Ball, location: 2F 2-2: Strikes out swinging
|
|
Batting: RHB Maup Gommers
|
0-0: SOLO HOME RUN (Flyball, 7LD, EV 97.5 MPH), Distance : 357 ft
|
|
Batting: RHB Jonathan Mendoza
|
0-0: Ball 1-0: Called Strike 1-1: Foul Ball, location: 2F 1-2: Ball 2-2: SINGLE (Flyball, 8LS, EV 93.8 MPH)
|
|
Batting: RHB Minoru Matsumoto
|
0-0: Ball 1-0: Ball 2-0: Ball 3-0: Base on Balls Jonathan Mendoza to second
|
|
Pinch Runner at 2nd Alfredo Reguera:
|
|
|
Pinch Hitting: LHB Pat Fontana
|
0-0: Ball 1-0: Ball 2-0: Ground out 5-3 (Groundball, 5, EV 79.4 MPH) Alfredo Reguera to third Minoru Matsumoto to second
|
|
Batting: RHB Simon Van Steenwyk
|
0-0: Ball 1-0: Ball 2-0: Called Strike 2-1: Ball 3-1: Base on Balls
|
|
Pinch Hitting: SHB Carlos Carrillo
|
0-0: Ball 1-0: Foul Ball, location: 2F 1-1: Swinging Strike 1-2: Foul Ball, location: 2F 1-2: Foul Ball, location: 2F 1-2: Ball 2-2: Foul Ball, location: 2F 2-2: Ball 3-2: Base on Balls Alfredo Reguera scores Minoru Matsumoto to third Simon Van Steenwyk to second
|
|
Pitching: LHP Bobby Shaw
|
|
|
Batting: RHB Kevin Popowicz
|
0-0: Ball 1-0: SINGLE (Line Drive, 56, EV 97.5 MPH) Minoru Matsumoto scores Simon Van Steenwyk to third Carlos Carrillo to second Runner from 3rd tries for Home, SAFE, throw by LF to home
|
|
Batting: LHB Chris Cohen
|
0-0: Called Strike 0-1: Ball 1-1: Foul Ball, location: 2F 1-2: Foul Ball, location: 2F 1-2: Ball 2-2: Strikes out swinging
|
| Top of the 8th over - 4 runs, 3 hits, 0 errors, 2 left on base; Southern Maryland 7 - Winnipeg 4 |
| BOTTOM OF THE 8TH |
|
Winnipeg Goldeyes batting - Pitching for Southern Maryland Blue Crabs : RHP Justin Swanson
|
|
Now at 2B: Edwin Cabral
|
|
|
Now at SS: Maup Gommers
|
|
|
Now in CF: Taylor Plummer
|
|
|
Now in RF: Pat Fontana
|
|
|
Pinch Hitting: LHB Bill Lorimer
|
0-0: Called Strike 0-1: Called Strike 0-2: Fly out, F8 (Flyball, 89D, EV 104.4 MPH)
|
|
Batting: LHB Jose Hilario
|
0-0: Ground out 4-3 (Groundball, 4S, EV 80.0 MPH)
|
|
Pitching: RHP Joe Underhill
|
|
|
Batting: RHB Ratko Macura
|
0-0: Called Strike 0-1: Ball 1-1: Called Strike 1-2: DOUBLE (Groundball, 3L, EV 93.8 MPH)
|
|
Batting: RHB Alexandre Garcia
|
0-0: Ball 1-0: Ball 2-0: Called Strike 2-1: Ball 3-1: Base on Balls
|
|
Batting: SHB Ed Mosqueda
|
0-0: Ball 1-0: Called Strike 1-1: Ball 2-1: Foul Ball, location: 2F 2-2: Foul Ball, location: 2F 2-2: Strikes out swinging, 2-3 out at first.
|
| Bottom of the 8th over - 0 runs, 1 hit, 0 errors, 2 left on base; Southern Maryland 7 - Winnipeg 4 |
| TOP OF THE 9TH |
|
Southern Maryland Blue Crabs batting - Pitching for Winnipeg Goldeyes : LHP Bobby Shaw
|
|
Pitching: LHP Willie Jimenez
|
|
|
Now at 1B: Nadhir Umayr
|
|
|
Batting: SHB Eric Kelley
|
0-0: Foul Ball, location: 2F 0-1: Called Strike 0-2: Hit by Pitch
|
|
Batting: RHB Maup Gommers
|
0-0: Ball 1-0: Ball 2-0: DOUBLE (Groundball, 3D, EV 101.9 MPH) Eric Kelley to third
|
|
Batting: LHB Edwin Cabral
|
0-0: Ball 1-0: Called Strike 1-1: Ball 2-1: SINGLE (Groundball, 4, EV 95.0 MPH) Eric Kelley scores Maup Gommers to third
|
|
Batting: RHB Minoru Matsumoto
|
0-0: Foul Ball, location: 2F 0-1: Ball 1-1: Foul Ball, location: 2F 1-2: Ball 2-2: Strikes out swinging
|
|
Batting: LHB Pat Fontana
|
0-0: Ball 1-0: Swinging Strike 1-1: Swinging Strike 1-2: Strikes out swinging
|
|
Batting: RHB Simon Van Steenwyk
|
0-0: Fly out, F7 (Line Drive, 7S, EV 86.2 MPH)
|
| Top of the 9th over - 1 run, 2 hits, 0 errors, 2 left on base; Southern Maryland 8 - Winnipeg 4 |
| BOTTOM OF THE 9TH |
|
Winnipeg Goldeyes batting - Pitching for Southern Maryland Blue Crabs : RHP Joe Underhill
|
|
Pitching: LHP Ronnie Pickering
|
|
|
Batting: RHB Tim Carter
|
0-0: Ball 1-0: Ball 2-0: Ball 3-0: Base on Balls
|
|
Batting: RHB Josh Harmon
|
0-0: Grounds into double play, 6-4-3 (Groundball, 6, EV 79.4 MPH)
|
|
Pinch Hitting: RHB Ryan Starks
|
0-0: Ball 1-0: Called Strike 1-1: Ball 2-1: Fly out, F9 (Line Drive, 9S, EV 100.6 MPH)
|
| Bottom of the 9th over - 0 runs, 0 hits, 0 errors, 0 left on base; Southern Maryland 8 - Winnipeg 4 |
|